 Dungeon Crawl Stone Soup version 0.17.1-2-g5865329 (webtiles) character file.

270 kaze the Ruffian (level 6, 0/61 HPs)
             Began as a Troll Berserker on Jan 14, 2016.
             Was a Believer of Trog.
             Slain by a goblin (1 damage)
             ... on level 2 of the Dungeon.
             The game lasted 00:10:09 (1794 turns).

kaze the Ruffian (Troll Berserker)                  Turns: 1794, Time: 00:10:09

Health: 0/61       AC:  5    Str: 28    XL:     6   Next: 1%
Magic:  5/5        EV: 10    Int:  3    God:    Trog [**....]
Gold:   140        SH:  0    Dex:  9    Spells: 0 memorised, 5 levels left

rFire  . . .     SeeInvis .       - Unarmed
rCold  . . .     Clarity  .     a - +0 animal skin
rNeg   . . .     SustAt   .     (no shield)
rPois  .         Gourm    +     (helmet restricted)
rElec  .         Spirit   .     (no cloak)
rCorr  .         Warding  .     (gloves unavailable)
rMut   .         Rnd*Tele +     (boots unavailable)
MR     .....                    (no amulet)
Stlth  +.........               (no ring)
                                g - ring of teleportation (curse)

@: lethally poisoned (0 -> 0), not resistant to hostile enchantments, very
unstealthy
A: unfitting armour, claws 3, fast metabolism 3, gourmand, regeneration 2,
shaggy fur 1, tough skin 2
a: Berserk, Trog's Hand, Burn Spellbooks, Renounce Religion, Evoke Teleportation


You were on level 2 of the Dungeon.
You worshipped Trog.
Trog was pleased with you.
You were very hungry.

You visited 1 branch of the dungeon, and saw 2 of its levels.

You collected 140 gold pieces.

Inventory:

Hand Weapons
 h - a +0 club
Armour
 a - a +0 animal skin (worn)
 d - a cursed +0 leather armour
 f - a +0 ring mail
Jewellery
 g - a cursed ring of teleportation (left claw)
Scrolls
 e - 3 scrolls of teleportation {unknown}
 i - 3 scrolls of identify {unknown}
 k - a scroll of fear {unknown}
 l - a scroll of enchant weapon {unknown}
Potions
 j - a potion of lignification {unknown}
Comestibles
 b - 3 bread rations
 c - 2 chunks of flesh


   Skills:
 + Level 3.3 Fighting
 + Level 4.1 Dodging
 + Level 0.5 Stealth
 + Level 4.3 Unarmed Combat


You had 5 spell levels left.
You didn't know any spells.

Dungeon Overview and Level Annotations

Branches:
Dungeon (2/15)

Altars:


Innate Abilities, Weirdness & Mutations

You are too large for most types of armour.
You have claws for hands.
Your metabolism is lightning-fast.
You like to eat raw meat.
You heal very quickly.
You are covered in fur (AC +1).
You have very tough skin (AC +2).


Message History

The goblin hits you but does no damage. The goblin hits you.
* * * LOW HITPOINT WARNING * * *
The goblin hits you but does no damage.
You scratch Robin.
You kill Robin!
Trog accepts your kill.
You have reached level 6!
Your experience leads to an increase in your attributes!
Increase (S)trength, (I)ntelligence, or (D)exterity?
You feel stronger. x2
You feel sick. The goblin hits you but does no damage.
The goblin hits you but does no damage. The goblin barely misses you.
The goblin hits you but does no damage. The hobgoblin hits you with a club.
* * * LOW HITPOINT WARNING * * *
You claw the goblin!
You kill the goblin!
Trog accepts your kill. The goblin hits you but does no damage.
The goblin misses you. The goblin hits you.
You die...

............#...#.
#.#.........#..#.⌠ # ..
..÷.............# ##. ...
#).######.[.>...# #.## #...
#.....# #...###.## 8.##..
(####.####....###.##.##.##
....................#....##
......!..#.....g#g..?.#...#g.
.........#)...g)@)..†........
..?.....<#.....g#g[####.#.#..
................##.## #
.######........#....#
..##........##......#
..<#...÷....<..#....#
...#...........#.####
...#########.....#
......######....##


You could see 2 hobgoblins and 3 goblins.

Vanquished Creatures
  Sigmund (D:2)
  Robin (D:2)
  5 adders (D:2)
  An ooze (D:1)
  A worm (D:2)
  3 giant cockroaches (D:1)
  9 goblins
  4 hobgoblins
  3 jackals (D:1)
  6 bats
  A giant newt (D:2)
  5 kobolds
  A quokka (D:2)
  20 rats
61 creatures vanquished.

Notes
Turn   | Place    | Note
--------------------------------------------------------------
     0 | D:1      | kaze the Troll Berserker began the quest for the Orb.
     0 | D:1      | Reached XP level 1. HP: 22/22 MP: 0/0
   131 | D:1      | Reached XP level 2. HP: 29/29 MP: 1/1
   536 | D:1      | Reached ** piety under Trog
  1080 | D:1      | Reached XP level 3. HP: 31/36 MP: 2/2
  1408 | D:2      | Noticed Sigmund
  1422 | D:2      | Killed Sigmund
  1422 | D:2      | Reached skill level 4 in Dodging
  1422 | D:2      | Reached XP level 4. HP: 29/45 MP: 3/3
  1422 | D:2      | Reached XP level 5. HP: 34/53 MP: 4/4
  1760 | D:2      | Noticed Robin
  1792 | D:2      | HP: 2/53 [goblin[Robin] (1)]
  1793 | D:2      | Killed Robin
  1793 | D:2      | Reached XP level 6. HP: 2/61 MP: 5/5
  1794 | D:2      | Slain by a goblin

Action                   |  1- 3 |  4- 6 || total
-------------------------+-------+-------++-------
Melee: Unarmed           |    88 |    55 ||   143
Invok: Berserk           |     1 |       ||     1
  Eat: Chunk             |    11 |     1 ||    12
       Pizza             |     1 |       ||     1
